 Dungeon Crawl Stone Soup version 0.22-a0-833-g8522bf8125 (webtiles) character file.

151 Destragon the Sneak (level 5, -6/21 HPs)
             Began as a Felid Conjurer on July 25, 2018.
             Was an Initiate of Dithmenos.
             Mangled by strelocc's ghost (13 damage)
             ... on level 3 of the Dungeon.
             The game lasted 00:21:53 (4329 turns).

Destragon the Sneak (Felid Conjurer)                Turns: 4329, Time: 00:21:54

Health: -6/21      AC:  1    Str:  4    XL:     5   Next: 11%
Magic:  4/10       EV: 19    Int: 17    God:    Dithmenos [......]
Gold:   143        SH:  0    Dex: 17    Spells: 6/9 levels left
                                        Lives:  0   Deaths: 1

rFire    . . .     SeeInvis +   (weapon unavailable)
rCold    . . .     Gourm    .   (shield unavailable)
rNeg     . . .     Faith    .   (armour unavailable)
rPois    .         Spirit   .   (helmet unavailable)
rElec    .         Reflect  .   (cloak unavailable)
rCorr    .         Harm     .   (gloves unavailable)
MR       .....                  (boots unavailable)
Stlth    ++++......             (no amulet)
HPRegen  0.07/turn              (no ring)
MPRegen  0.12/turn              (no ring)

@: very slightly contaminated, quick
A: very small, no armour, no weapons or thrown items, stealth, claws 1, fangs 3,
see invisible, carnivore, speed 1, shaggy fur 1, slow metabolism 1, sharp paws
a: Renounce Religion


You were on level 3 of the Dungeon.
You worshipped Dithmenos.
Dithmenos was noncommittal.
You were not hungry.

You visited 1 branch of the dungeon, and saw 4 of its levels.

You collected 143 gold pieces.

Inventory:

Jewellery
 j - an uncursed ring of ice {unknown}
Scrolls
 a - 6 scrolls of identify {unknown}
 d - 2 scrolls of teleportation {unknown}
 g - a scroll of remove curse {unknown}
 h - a scroll of amnesia {unknown}
 k - a scroll of magic mapping {unknown}
 m - a scroll of noise {unknown}
 p - a scroll of fog {unknown}
 q - a scroll of enchant armour {unknown}
 r - a scroll of blinking {unknown}
Potions
 c - a potion of curing
 e - a potion of heal wounds {unknown}
 f - a potion of magic {unknown}
 i - a potion of degeneration {unknown}
 l - a potion of might {unknown}
 n - a potion of lignification {unknown}
 o - a potion of haste {unknown}
Comestibles
 b - 6 rations


   Skills:
 + Level 4.2 Dodging
 * Level 5.6 Stealth
 + Level 2.9 Spellcasting
 + Level 4.2 Conjurations


You had 6 spell levels left.
You knew the following spells:

 Your Spells              Type           Power        Failure   Level  Hunger
a - Magic Dart            Conj           ###.         3%          1    #......
b - Searing Ray           Conj           ###...       4%          2    ##.....

Your spell library contained the following spells:

 Spells                   Type           Power        Failure   Level  Hunger
 Iskenderun's Mystic Bla  Conj           ###.....     30%         4    #####..
 Fulminant Prism          Conj/Hex       #.........   58%         4    #####..
 Dazzling Spray           Conj/Hex       #.....       22%         3    ###....
 Force Lance              Conj/Tloc      #.......     58%         4    #####..


Dungeon Overview and Level Annotations

Branches:
Dungeon (4/15)
 Temple: D:4-7

Altars:
Dithmenos
Fedhas
Uskayaw
Vehumet
The Shining One

Annotations:
D:3 strelocc's ghost, amateur FoFi


Innate Abilities, Weirdness & Mutations

You cannot wear armour.
You are incapable of wielding weapons or throwing items.
Your paws allow you to move quietly. (Stealth)
You have sharp claws.
You have razor-sharp teeth.
You have supernaturally acute eyesight. (SInv)
You are carnivorous and can eat meat at any time.
You cover ground quickly.
You are covered in fur. (AC +1)
You have a slow metabolism.
Your sharp claws are effective at attacking unaware monsters.


Message History

Casting: Magic Dart (safe; 3% risk of failure)
Confirm with . or Enter, or press ? or * to list all spells.
Aiming: Magic Dart (safe; 3% risk of failure)
Press: ? - help, Shift-Dir - straight line, f/p - orc priest
Aim: an orc priest, wielding a mace and wearing a scale mail (moderately wounded)
You miscast Magic Dart.
You are very lightly contaminated with residual magic.
Nothing appears to happen.
An orc comes into view. It is wielding an enchanted hand axe.
The orc priest invokes the aid of Beogh against you.
Beogh smites you!
Ouch! That really hurt!
* * * LOW HITPOINT WARNING * * *
You hear a shout!
There is a stone staircase leading up here.
You climb upwards.
Level annotation: strelocc's ghost, amateur FoFi Strelocc's ghost hits you!
Ouch! That really hurt!
You die...

....#....###..##..####.###
#.#
.[..######...............#
#[# ....#
#.#...........### #.#
....# #.##..#.####### #.#
###.# #.###.#'######## #.#
$.#.# #.# #..........# ###
≈.### #.# #..........# ≈.#
######.###..........# ≈.#
#..........W@.......# ≈.#
#.........###########
'####.........#
...##.........#########
...##........W........#
...#######.#.########.#
...#######.#.# #.#
..[........#.# #W#
...........#.# #.#


You could see strelocc's ghost.

Vanquished Creatures
  An orc priest (D:2)
  An orc wizard (D:3)
  3 gnolls (D:3)
  4 adders
  A worm (D:2)
  3 dart slugs
  2 leopard geckos
  7 orcs
  2 ball pythons (D:2)
  2 bats (D:2)
  5 giant cockroaches
  5 goblins
  9 hobgoblins
  2 jackals (D:1)
  7 kobolds
  A quokka (D:4)
  5 frilled lizards
  10 rats
70 creatures vanquished.

Notes
Turn   | Place    | Note
-------+----------+-------------------------------------------
     0 | D:1      | Destragon the Felid Conjurer began the quest for the Orb.
     0 | D:1      | Reached XP level 1. HP: 7/7 MP: 4/4
   185 | D:1      | Reached skill level 3 in Stealth
   244 | D:1      | Reached XP level 2. HP: 10/11 MP: 3/6
   687 | D:1      | Reached XP level 3. HP: 6/14 MP: 1/7
   959 | D:2      | Reached skill level 4 in Stealth
  1333 | D:2      | Found a hide-covered altar of Uskayaw.
  1336 | D:2      | Reached XP level 4. HP: 18/18 MP: 4/8
  1337 | D:2      | Found a glowing golden altar of the Shining One.
  1340 | D:2      | Found a radiant altar of Vehumet.
  1341 | D:2      | Found a blossoming altar of Fedhas.
  1341 | D:2      | Found a shadowy altar of Dithmenos.
  1374 | D:2      | Became a worshipper of Dithmenos the Shadowed
  1804 | D:3      | Learned a level 2 spell: Searing Ray
  1988 | D:3      | Slain by an orc priest
  1989 | D:3      | Reached XP level 3. HP: -2/14 MP: 1/7
  2562 | D:3      | Reached skill level 5 in Stealth
  2599 | D:3      | Found a runed door.
  2690 | D:3      | Reached XP level 4. HP: 18/18 MP: 3/8
  3629 | D:3      | Reached XP level 5. HP: 8/21 MP: 6/10
  4110 | D:3      | Noticed strelocc's ghost (amateur FoFi)
  4329 | D:3      | Mangled by strelocc's ghost

Vault maps used:
D:1:      dpeg_arrival_three_bigger_balls
D:2:      cheibrodos_old_hovel, grunt_temple_overflow_open
D:3:      ebering_ghost_reflecting_pool, first_ration
D:4:      uniq_blork_the_orc, uniq_pikel

Skill      XL: |  1  2  3  4 |
---------------+-------------+-----
Stealth        | 3 5 |  5.6
Dodging        | 3 4 |  4.2
Conjurations   | 4 |  4.2
Spellcasting   | |  2.9

Action                   |  1- 3 |  4- 6 || total
-------------------------+-------+-------++-------
Melee: Unarmed           |    41 |     8 ||    49
       Bite              |     1 |       ||     1
 Cast: Magic Dart        |   104 |   111 ||   215
       Searing Ray       |       |     3 ||     3
  Use: Potion            |       |     1 ||     1
 Stab: Sleeping          |       |     2 ||     2
  Eat: Chunk             |     9 |     2 ||    11
Armor: Skin              |     2 |       ||     2
Dodge: Dodged            |    36 |    22 ||    58

Table legend:
 A = Spawn XP
 B = Non-spawn XP
 C = Spawn XP percentage of total XP
 D = Spawn monster count
 E = Non-spawn monster count
 F = Spawn count percentage of total count
 G = Total turns spent on level
                    A         B        C        D         E        F      G
               +---------+---------+-------+---------+---------+-------+---------
         Total |       0 |     295 |   0.0 |       0 |      70 |   0.0 |  4329
               +---------+---------+-------+---------+---------+-------+---------
           D:1 |       0 |      43 |   0.0 |       0 |      22 |   0.0 |   821
           D:2 |       0 |     118 |   0.0 |       0 |      24 |   0.0 |  1901
           D:3 |       0 |     132 |   0.0 |       0 |      23 |   0.0 |  1575
           D:4 |       0 |       2 |   0.0 |       0 |       1 |   0.0 |    32
               +---------+---------+-------+---------+---------+-------+---------
